 Dungeon Crawl Stone Soup version 0.29-a0-214-g17f627cfee (console) character file.

Game seed: 7967373895633345785

3679 jejorda2 the Quickloader (level 10, -13/64 HPs)
             Began as a Kobold Hunter on Feb 25, 2022.
             Was a Priest of Okawaru.
             Mangled by an orc knight
             ... wielding a +0 broad axe
              (18 damage)
             ... in a bailey.
             The game lasted 00:26:30 (9868 turns).

jejorda2 the Quickloader (Kobold Hunter)            Turns: 9868, Time: 00:26:31

Health: -13/64     AC: 16    Str: 10    XL:     10   Next: 35%
Magic:  14/14      EV: 19    Int: 12    God:    Okawaru [***...]
Gold:   518        SH:  0    Dex: 20    Spells: 9/9 levels left

rFire   . . .      SeeInvis .   a - +1 hand crossbow
rCold   . . .      Faith    +   (no shield)
rNeg    . . .      Spirit   .   u - +2 leather armour {Will+}
rPois   .          Reflect  .   p - +2 helmet
rElec   .          Harm     .   n - +0 cloak
rCorr   .          Rampage  .   m - +2 pair of gloves
Will    +....                   (no boots)
Stlth   +++.......              t - amulet of faith
HPRegen 0.20/turn               f - +4 ring of protection
MPRegen 0.14/turn               (no ring)

@: invisible
A: small, no large weapons, nightstalker 3
a: Renounce Religion, Heroism


You were in a bailey.
You worshipped Okawaru.
Okawaru was most pleased with you.
You visited 2 branches of the dungeon, and saw 9 of its levels.
You also visited: Sewer and Bailey.

You collected 661 gold pieces.
You spent 143 gold pieces at shops.

Inventory:

Hand Weapons
 a - a +1 hand crossbow (weapon)
Missiles
 w - 2 boomerangs of dispersal
 y - 8 curare-tipped darts
Armour
 h - a +0 ring mail of cold resistance
 m - a +2 pair of gloves (worn)
 n - a +0 cloak (worn)
 p - a +2 helmet (worn)
 u - a +2 leather armour of willpower (worn)
Jewellery
 f - a +4 ring of protection (left hand)
 t - an amulet of faith (around neck)
Scrolls
 j - a scroll of amnesia
 k - a scroll of teleportation
 o - a scroll of holy word
 q - 2 scrolls of fog
 x - a scroll of silence
Potions
 b - 2 potions of resistance {unknown}
 c - a potion of mutation
 d - 2 potions of heal wounds {unknown}
 e - 2 potions of lignification {unknown}
 g - 5 potions of curing
 i - a potion of berserk rage {unknown}
 l - 2 potions of attraction {unknown}
 r - a potion of haste {unknown}
 v - 2 potions of ambrosia


   Skills:
 + Level 8.2 Fighting
 + Level 11.3 Crossbows
 - Level 2.0 Armour
 + Level 8.3 Dodging
 - Level 2.0 Stealth
 + Level 6.5 Invocations


You had 9 spell levels left.
You didn't know any spells.
Your spell library contained the following spells:

 Spells                   Type           Power      Damage    Failure   Level
 Sublimation of Blood     Necr           0%         N/A       54%         2
 Confusing Touch          Hex            0%         N/A       78%         3
 Conjure Flame            Conj/Fire      0%         6-21      78%         3
 Gell's Gravitas          Tloc           0%         N/A       78%         3
 Ignite Poison            Fire/Tmut/Pois 0%         N/A       78%         3
 Lesser Beckoning         Tloc           0%         N/A       78%         3
 Ozocubu's Armour         Ice            0%         N/A       78%         3
 Teleport Other           Tloc           0%         N/A       78%         3
 Cause Fear               Hex            0%         N/A       99%         4
 Petrify                  Tmut/Erth      0%         N/A       99%         4
 Sticky Flame             Conj/Fire      0%         2d3       99%         4
 Irradiate                Conj/Tmut      0%         3d13      100%        5
 Metabolic Englaciation   Hex/Ice        0%         N/A       100%        5
 Yara's Violent Unravell  Hex/Tmut       0%         3d3       100%        5
 Dragon Form              Tmut           0%         N/A       100%        7
 Enfeeble                 Hex            0%         N/A       100%        7
 Simulacrum               Ice/Necr       Unusable   N/A       N/A         6
 Dragon's Call            Summ           Unusable   N/A       N/A         9

Dungeon Overview and Level Annotations

Branches:
Dungeon (8/15)             Temple (1/1) D:5           Sewer (visited)
 Bailey (1/1)
   Lair: D:8-11

Altars:
Cheibriados
Elyvilon
Fedhas
Gozag
Kikubaaqudgha
Makhleb
Nemelex Xobeh
Okawaru
Sif Muna
Trog
Xom
Zin

Shops:
D:5 !


Innate Abilities, Weirdness & Mutations

You are small and have problems with some larger weapons.
You are completely attuned to the shadows.


Message History

The orc warrior closely misses you.
The kobold brigand shouts!
You hear a shout!
Shoot: a) +1 hand crossbow
Press: ? - help, Q - select action, (/) - cycle Shift-Dir - straight line, f/p - kobold brigand
Aim: a kobold brigand, wielding a +0 war axe and quivering curare-tipped darts (almost dead, 70% to hit)
You shoot a bolt. The bolt hits the kobold brigand!
You kill the kobold brigand!
Okawaru accepts your kill.
Okawaru will now gift you ammunition as you gain piety.
The kobold brigand misses you. The orc warrior closely misses you.
Unknown command.
Shoot: a) +1 hand crossbow
Press: ? - help, Q - select action, (/) - cycle Shift-Dir - straight line, f - kobold brigand
Aim: a kobold brigand, wielding a +0 war axe and quivering poisoned darts (70% to hit)
You shoot a bolt.
The bolt barely misses the kobold brigand.
The orc knight hits you with a +0 broad axe!
The kobold brigand barely misses you. The orc warrior barely misses you.
Unknown command.
Shoot: a) +1 hand crossbow
Press: ? - help, Q - select action, (/) - cycle Shift-Dir - straight line, f/p - kobold brigand
Aim: a kobold brigand, wielding a +0 war axe and quivering poisoned darts (70% to hit)
You shoot a bolt.
The bolt barely misses the kobold brigand.
You feel like a meek peon again.
The orc knight hits you with a +0 broad axe!
* * * LOW HITPOINT WARNING * * *
The kobold brigand barely misses you. The orc warrior barely misses you.
The kobold brigand closely misses you.
The orc knight hits you with a +0 broad axe!
* * * LOW HITPOINT WARNING * * *
Unknown command.
Okay, then.
Unknown command.
You fade into invisibility!
The kobold brigand misses you. The orc warrior barely misses you.
The kobold brigand hits you with a +0 war axe.
* * * LOW HITPOINT WARNING * * *
The orc knight hits you with a +0 broad axe!!
You die...

#∩(..."∩#
##.)...##
####'''###
##≈.......≈
#####≈≈.......≈
#....≈≈.......≈
#.###≈≈.......≈
#....≈≈.KoK...≈
#.###≈≈..@o...≈
#....≈≈.......≈
#.###≈≈.......≈
#....≈≈(......≈≈.
#.###≈(.(.....≈≈#
#....≈≈(......≈≈.
#####≈≈.......≈≈#
##≈....)(.≈#
####.()####


You could see an orc knight, an orc warrior (strong) and 2 kobold brigands.

Vanquished Creatures
  An unseen horror (D:6)
  An acid dragon (D:6)
  An orc warrior (Bailey)
  2 sky beasts (D:6)
  2 ice beasts
  2 ogres (D:5)
  2 black bears
  A necrophage (D:7)
  2 phantoms
  4 centaurs
  4 kobold brigands (Bailey)
  Blork the orc (D:4)
  A gnoll sergeant (D:5)
  4 bullfrogs
  4 scorpions
  A wight (D:5)
  A howler monkey (D:4)
  2 jellies
  2 bullfrog skeletons
  A centaur skeleton (D:7)
  2 hounds
  6 orc priests
  Ijyb (D:2)
  Natasha (D:4)
  4 orc wizards
  2 iguanas
  Robin (D:4)
  3 gnolls (D:5)
  11 adders
  2 shadow imps
  2 white imps
  An ufetubus (D:4)
  An adder skeleton (D:4)
  2 dart slugs
  35 orcs
  5 bats
  11 endoplasms
  15 giant cockroaches
  24 goblins
  9 hobgoblins
  7 jackals
  19 quokkas
  15 ball pythons
  11 frilled lizards
  11 kobolds
  5 rats
245 creatures vanquished.

Notes
Turn   | Place    | Note
-------+----------+-------------------------------------------
     0 | D:1      | jejorda2 the Kobold Hunter began the quest for the Orb.
     0 | D:1      | Reached XP level 1. HP: 12/12 MP: 1/1
   164 | D:1      | Reached XP level 2. HP: 17/17 MP: 2/2
   328 | D:1      | Reached skill level 6 in Crossbows
   763 | D:2      | Reached XP level 3. HP: 21/21 MP: 3/3
  1482 | D:2      | Reached XP level 4. HP: 26/26 MP: 4/4
  1488 | D:2      | Noticed Ijyb
  1510 | D:2      | Killed Ijyb
  1511 | D:2      | Reached skill level 7 in Crossbows
  1857 | D:3      | Found a glowing drain.
  1871 | Sewer    | Entered a sewer
  1892 | Sewer    | Reached XP level 5. HP: 30/30 MP: 5/5
  2159 | Sewer    | Noticed a bullfrog
  2160 | Sewer    | Noticed a bullfrog
  2169 | Sewer    | Killed a bullfrog
  2170 | Sewer    | Reached skill level 8 in Crossbows
  2170 | Sewer    | Reached XP level 6. HP: 24/35 MP: 6/6
  3390 | D:4      | Noticed Blork the orc
  3429 | D:4      | Reached skill level 9 in Crossbows
  3429 | D:4      | Reached XP level 7. HP: 20/41 MP: 7/7
  3614 | D:4      | Noticed Robin
  3631 | D:4      | Killed Robin
  3754 | D:4      | Reached skill level 10 in Crossbows
  4034 | D:4      | Killed Blork the orc
  4174 | D:4      | Reached XP level 8. HP: 45/48 MP: 8/8
  4413 | D:4      | Identified the +2 leather armour of Resourcefulness {Str+3}
  4793 | D:4      | Noticed Natasha
  4800 | D:4      | Killed Natasha
  4801 | D:4      | Reached skill level 11 in Crossbows
  5375 | D:5      | Entered Level 5 of the Dungeon
  5403 | D:5      | Found a staircase to the Ecumenical Temple.
  5417 | D:5      | Found Kooreleh's Distillery.
  5440 | D:5      | Bought a potion of curing for 39 gold pieces
  5440 | D:5      | Bought a potion of invisibility for 104 gold pieces
  5457 | Temple   | Entered the Ecumenical Temple
  5779 | Temple   | Became a worshipper of Warmaster Okawaru
  6015 | D:5      | Reached skill level 5 in Fighting
  6015 | D:5      | Reached skill level 1 in Armour
  6111 | D:5      | Reached skill level 1 in Invocations
  6133 | D:5      | Reached skill level 5 in Dodging
  6140 | D:5      | Reached XP level 9. HP: 30/54 MP: 10/10
  6142 | D:5      | Reached * piety under Okawaru
  8144 | D:7      | Reached skill level 5 in Invocations
  8195 | D:6      | Killed an unseen horror
  8195 | D:6      | Reached ** piety under Okawaru
  8196 | D:6      | Reached XP level 10. HP: 13/63 MP: 12/14
  9242 | D:7      | Identified the +1 robe "Ryschegia" {*Slow rF+ Int+9 Stlth-}
  9665 | D:8      | Found a flagged portal.
  9684 | Bailey   | Entered a bailey
  9827 | Bailey   | Reached *** piety under Okawaru
  9841 | Bailey   | Noticed an orc knight
  9868 | Bailey   | Mangled by an orc knight

Illustrated notes

Levels and vault maps discovered:
D:1:      eino_arrival_cavern_c, layout_basic, serial_glass, glass_columns_a,
          glass_columns_a, glass_columns_b, glass_columns_b, glass_columns_a,
          glass_columns_b, minmay_strange_pillars, minmay_strange_pillars,
          item_on_display_a
D:2:      kennysheep_the_goblin_king, layout_basic, minmay_stone_trees_small
D:3:      layout_loops_corners, gup_sewer_entry_pipe, guppyfry_early_orc_mine
D:4:      minmay_wonky_spiral, layout_loops_ring, uniq_blork_the_orc,
          uniq_natasha, uniq_robin
D:5:      minmay_opposing_rooms, layout_rooms, minmay_temple_entry_sparse_star,
          serial_shops, shop_coins, dk_noncrumbling_3, serial_park_tiny_1,
          lightli_minifort
D:6:      layout_basic
D:7:      layout_loops_corners, grunt_ministairs_12
D:8:      layout_cave_pods, mainiacjoe_overflow_brackets, enter_bailey_5,
          hangedman_decor_riveting, uniq_harold
Temple:   mainiacjoe_temple_big_plus
Bailey:   bailey_axe_3, bailey

Skill      XL: |  1  2  3  4  5  6  7  8  9 10 |
---------------+-------------------------------+-----
Stealth        | 2 |  2.0
Crossbows      | 6 7 8 9 10 11 | 11.3
Dodging        | 3 4 5 7 8 |  8.3
Fighting       | 3 4 5 7 8 |  8.2
Armour         | 2 |  2.0
Invocations    | 2 5 6 |  6.5

Action                   |  1- 3 |  4- 6 |  7- 9 | 10-12 || total
-------------------------+-------+-------+-------+-------++-------
 Fire: Hand crossbow     |    88 |   190 |   509 |   152 ||   939
Invok: Heroism           |       |       |     3 |     1 ||     4
Evoke: Wand              |       |     3 |     6 |       ||     9
  Use: Scroll            |       |     8 |     6 |     3 ||    17
       Potion            |       |       |       |     3 ||     3
Armor: Leather armour    |     8 |    11 |   119 |    23 ||   161
       Animal skin       |       |       |     2 |       ||     2
Dodge: Dodged            |    33 |    52 |   274 |   133 ||   492
Block: Other             |     6 |    30 |    31 |       ||    67
       Reflection        |       |     1 |     1 |       ||     2

Table legend: (Time is in decaauts)
 A = Elapsed time spent in this place.
 B = Non-inter-level travel time spent in this place.
 C = Inter-level travel time spent in this place.
 D = Time resting spent in this place.
 E = Time spent auto-exploring this place.
 F = Levels seen in this place.
 G = Mean time per level.
                   A        B        C        D        E       F      G
               +--------+--------+--------+--------+--------+-----+--------+
         Total |  10038 |   9677 |    361 |    289 |   7640 |  11 |  912.5 |
       Dungeon |   8915 |   8605 |    310 |    249 |   7016 |   8 | 1114.4 |
        Temple |    372 |    322 |     50 |      0 |    298 |   1 |  372.0 |
         Sewer |    555 |    555 |      0 |      0 |    296 |   1 |  555.0 |
        Bailey |    194 |    194 |      0 |     40 |     29 |   1 |  194.0 |
               +--------+--------+--------+--------+--------+-----+--------+

Top non-repeatable levels by time:
     D:4: 1698 daAuts
     D:5: 1532 daAuts
     D:3: 1426 daAuts
     D:7: 1196 daAuts
     D:6: 1153 daAuts
     D:2: 1135 daAuts
     D:1: 697 daAuts
   Sewer: 555 daAuts
  Temple: 372 daAuts
  Bailey: 194 daAuts
     D:8: 75 daAuts
